Map: Dusty Gorge

Players

Massa - Winner!

  • Race: Terran Terran
  • League: Gold
  • Spawn Location: 9:00

qqq - Winner!

  • Race: Zerg Zerg
  • League: Platinum
  • Spawn Location: 11:00

iVanhoe

  • Race: Protoss Protoss
  • League: Diamond
  • Spawn Location: 5:00

Colabria

  • Race: Zerg Zerg
  • League: Platinum
  • Spawn Location: 3:00

VOD

Have the link to the VOD?

Description

Time

  • Played on: May 31, 2020, 6:18 a.m.
  • Length: 4:56
Show
View Real Time Build Order
Export as new Build Order

Massa Terran - Winner!

Build Orders:  

Get SALT Encoding   

  12  0:13  Supply Depot  
  12  0:14  SCV  
  13  0:26  SCV  
  14  0:37  Barracks  
  14  0:46  Supply Depot  
  14  0:51  SCV  
  15  1:03  SCV  
  16  1:14  Supply Depot  
  16  1:15  SCV  
  17  1:27  SCV  
  18  1:40  Barracks  
  18  1:45  Supply Depot, SCV  
  19  1:47  Marine  
  20  1:57  SCV  
  21  2:05  Marine  
  21  2:08  Refinery  
  22  2:17  Barracks  
  22  2:23  Barracks  
  22  2:26  Marine  
  23  2:36  Orbital Command  
  23  2:44  Marine x2  
  25  3:01  Marine  
  25  3:02  Marine  
  27  3:06  Marine  
  27  3:11  Marine  
  29  3:19  Marine x2  
  30  3:24  Marine  
  32  3:27  Factory  
  32  3:29  Marine  
  33  3:37  Marine x2  
  35  3:41  Marine  
  35  3:47  Marine  
  37  3:51  Supply Depot  
  37  3:55  Marine x2  
  38  3:59  Marine  
  40  4:05  Marine, Supply Depot  
  41  4:12  Engineering Bay  
  41  4:13  Marine x2  
  41  4:17  Factory Tech Lab, Marine  
  43  4:22  Marine  
  45  4:31  Marine  
Show
View Real Time Build Order
Export as new Build Order

qqq Zerg - Winner!

Build Orders: Hatch First 

Get SALT Encoding   

  12  0:02  Drone  
  13  0:10  Drone  
  14  0:36  Hatchery  
  13  0:54  Spawning Pool  
  12  0:59  Overlord  
  12  1:04  Drone  
  12  1:09  Drone  
  14  1:12  Extractor  
  14  1:14  Drone  
  14  1:29  Drone  
  15  1:40  Drone  
  15  1:41  Queen  
  18  1:51  Queen  
  20  2:04  Zergling x4  
  20  2:05  Drone  
  23  2:20  Drone x2  
  23  2:22  Zergling x2  
  26  2:26  Metabolic Boost  
  26  2:37  Drone, Zergling x2  
  26  2:41  Overlord  
  28  2:47  Overlord  
  28  2:55  Overlord  
  28  3:03  Baneling Nest, Drone  
  27  3:16  Zergling x4  
  27  3:17  Drone  
  27  3:18  Drone  
  30  3:25  Zergling x2  
  30  3:26  Drone  
  32  3:27  Zergling x2  
  32  3:30  Zergling x2  
  32  3:33  Zergling x2  
  35  3:36  Zergling x2  
  36  3:44  Zergling x4  
  38  3:49  Drone  
  38  3:50  Overlord  
  38  3:54  Zergling x2  
  40  3:55  Baneling  
  40  3:56  Baneling  
  40  3:57  Baneling  
  40  3:58  Baneling  
  40  4:02  Zergling x2  
  41  4:03  Zergling x2  
  41  4:06  Drone  
  43  4:16  Zergling x8  
  46  4:37  Zergling x6  
  46  4:38  Zergling x6  
Show
View Real Time Build Order
Export as new Build Order

iVanhoe Protoss 

Build Orders: Phoenix Opening, Colossus Rush 

Get SALT Encoding   

  12  0:01  Probe  
  13  0:16  Pylon  
  13  0:18  Probe (Chrono Boost)  
  14  0:27  Probe (Chrono Boost)  
  15  0:32  Probe (Chrono Boost)  
  16  0:44  Gateway, Probe  
  17  0:51  Assimilator  
  17  0:57  Probe  
  18  1:07  Assimilator  
  18  1:20  Gateway  
  18  1:24  Probe  
  19  1:27  Pylon  
  19  1:36  Cybernetics Core  
  19  1:37  Probe  
  20  1:49  Probe  
  21  2:03  Probe  
  22  2:15  Robotics Facility  
  22  2:19  Warp Gate (Chrono Boost)  
  22  2:23  Zealot  
  22  2:28  Sentry  
  26  2:35  Probe  
  27  3:06  Nexus  
  27  3:08  Pylon  
  27  3:12  Phoenix  
  26  3:17  Observer (Chrono Boost)  
  26  3:18  Robotics Bay  
  27  3:25  Probe  
  28  3:34  Gateway  
  28  3:37  Gateway, Probe  
  29  3:49  Probe  
  30  4:14  Colossus (Chrono Boost)  
  30  4:23  Zealot x2  
  40  4:25  Probe  
  40  4:26  Pylon  
  41  4:37  Probe  
  42  4:39  Zealot x2  
Show
View Real Time Build Order
Export as new Build Order

Colabria Zerg 

Build Orders: Hatch First 

Get SALT Encoding   

  12  0:04  Drone  
  13  0:09  Drone  
  14  0:17  Overlord  
  14  0:36  Drone  
  14  0:37  Drone x2  
  17  0:56  Drone  
  18  0:59  Hatchery  
  18  1:00  Drone  
  18  1:11  Extractor  
  17  1:16  Spawning Pool  
  16  1:18  Drone  
  17  1:30  Drone  
  18  1:33  Drone  
  19  1:41  Overlord  
  19  2:02  Queen  
  19  2:06  Drone x2  
  23  2:11  Queen  
  23  2:14  Drone x2  
  27  2:29  Drone x2  
  29  2:37  Drone  
  29  2:38  Drone  
  31  2:46  Zergling x2  
  31  2:47  Pneumatized Carapace  
  32  2:59  Drone  
  32  3:00  Drone x2  
  34  3:21  Drone  
  34  3:24  Drone  
  34  3:25  Overlord x6  
  34  3:26  Overlord  
  36  3:32  Roach Warren  
  35  3:35  Lair  
  35  3:38  Drone  
  36  3:47  Drone  
  37  3:52  Extractor  
  37  3:53  Drone x2  
  38  4:00  Drone x2  
  40  4:06  Drone  
  41  4:11  Extractor  
  41  4:12  Extractor  
  41  4:15  Evolution Chamber  
  38  4:19  Drone x3  
  38  4:20  Drone x3  
  44  4:27  Zergling x2  
  44  4:28  Roach  
Tags
 
Add a new tag
Caveats
  • Supply blocks, unpowered buildings, or Contaminate may cause inaccurate times.
  • Supply counts are checked every 10 seconds.